 Dungeon Crawl Stone Soup version 0.27-a0-679-g77a6b55cf3 (webtiles) character file.

Game seed: 8070862486118212276

195 rednaxela the Ruffian (level 5, -1/46 (48) HPs)
             Began as a Palentonga Wanderer on Mar 18, 2021.
             Slain by Crazy Yiuf
             ... wielding a +2 quarterstaff of chaos
              (12 damage)
             ... on level 2 of the Dungeon.
             The game lasted 00:08:42 (4485 turns).

rednaxela the Ruffian (Palentonga Wanderer)         Turns: 4485, Time: 00:08:43

HP:   -1/46 (48)    AC:  7    Str: 20    XL:     5   Next: 45%
MP:   3/5           EV:  8    Int: 13    God:
Gold: 56            SH:  0    Dex:  9    Spells: 4/4 levels left

rFire    . . .     SeeInvis +     - Unarmed
rCold    + . .     Faith    .   (no shield)
rNeg     . . .     Spirit   .   h - +0 ring mail
rPois    .         Reflect  .   n - +1 helmet "Ekaosagra" {Str+4 Stlth+}
rElec    .         Harm     .   (no cloak)
rCorr    .         Rampage  .   (no gloves)
Will     .....                  (no barding)
Stlth    +.........             (no amulet)
HPRegen  0.15/turn              i - ring of protection from cold
MPRegen  0.09/turn              (no ring)

@: lightly drained
A: large, rugged brown scales 3, see invisible, deformed body, roll 1, armoured
tail
a: Rolling Charge


You were on level 2 of the Dungeon.
You visited 1 branch of the dungeon, and saw 2 of its levels.

You collected 56 gold pieces.

Inventory:

Hand Weapons
 a - a +0 hand crossbow
Missiles
 c - 121 stones (quivered)
 d - 24 bolts
Armour
 h - a +0 ring mail (worn)
   (You found it on level 1 of the Dungeon)
 n - the +1 helmet "Ekaosagra" (worn) {Str+4 Stlth+}
   (You took it off Robin on level 2 of the Dungeon)

   It affects your strength (+4).
   It makes you more stealthy.
Jewellery
 i - a ring of protection from cold (right hand)
   (You found it on level 1 of the Dungeon)
 j - a ring of positive energy
   (You found it on level 1 of the Dungeon)
Wands
 b - a wand of polymorph (3)
   (You took it off Natasha on level 1 of the Dungeon)
Scrolls
 k - a scroll of enchant armour {unknown}
 o - a scroll of magic mapping {@r5 !r}
 p - a scroll of identify {unknown}
Potions
 e - a potion of heal wounds {unknown}
 f - a potion of attraction {unknown}
 g - a potion of flight {unknown}
 m - a potion of might {unknown}


   Skills:
 - Level 3.0 Fighting
 - Level 1.0 Polearms
 - Level 1.0 Crossbows
 - Level 1.0 Armour
 - Level 1.5 Dodging
 - Level 1.0 Shields
 + Level 5.3 Unarmed Combat
 - Level 1.0 Evocations


You had 4 spell levels left.
You didn't know any spells.
Your spell library contained the following spells:

 Spells                   Type           Power      Damage    Failure   Level
 Corona                   Hex            0%         N/A       45%         1
 Ensorcelled Hibernation  Hex/Ice        0%         N/A       61%         2
 Confusing Touch          Hex            0%         N/A       83%         3
 Dazzling Flash           Conj/Hex       0%         N/A       83%         3
 Tukima's Dance           Hex            0%         N/A       83%         3


Dungeon Overview and Level Annotations

Branches:
Dungeon (2/15)

Altars:
Ashenzari
The Shining One

Annotations:
D:2 Crazy Yiuf


Innate Abilities, Weirdness & Mutations

You are completely covered in rugged brown scales. (AC +3, +7% HP)
You have supernaturally acute eyesight. (SInv)
Armour fits poorly on your strangely shaped body.
You can roll at nearby foes to attack.
You have a long armoured tail.


Message History

Things that are here:
a +0 long sword; a goblin corpse
Found a stone staircase leading up.
Found a hand axe.
You pick up a book of Maledictions and begin reading...
You add the spells Corona, Ensorcelled Hibernation, Confusing Touch, Tukima's Dance and Dazzling Flash to your library.
A rat comes into view.
You hit the rat.
You kill the rat!
No target in view!
You see here a rat corpse.
You see here a +0 club.
o - a scroll labelled VUETOI COIMM You see here a goblin skeleton.
You don't know any spells.
Okay, then.
You see here a +0 club.
A leopard gecko and a giant cockroach come into view.
Found 5 gold pieces and a scroll labelled VUETOI COIMM.
There are monsters nearby!
You hit the leopard gecko.
The leopard gecko is heavily wounded.
The leopard gecko closely misses you.
The leopard gecko bites you but does no damage.
You hit the leopard gecko.
You kill the leopard gecko!
No target in view!
You see here a leopard gecko corpse.
You hit the giant cockroach.
You kill the giant cockroach!
No target in view!
You now have 56 gold pieces (gained 5).
o - 2 scrolls labelled VUETOI COIMM (gained 1)
Found a dagger.
You see here a +0 dagger.
You see here a leopard gecko corpse.
You see here a giant cockroach corpse.
Found two stone staircases leading down.
A hobgoblin comes into view. It is wielding a +0 club.
A bat comes into view.
The hobgoblin shouts!
A kobold comes into view. It is wielding a +0 dagger.
A goblin comes into view.
The kobold shouts!
You punch the hobgoblin!
You kill the hobgoblin!
The bat barely misses you.
You completely miss the bat. The bat barely misses you.
No target in range!
The bat hits you but does no damage. The bat hits you but does no damage.
The bat hits you but does no damage.
You punch the bat!
You kill the bat!
You hit the kobold.
You kill the kobold!
The goblin wields a +0 hunting sling.
The goblin shoots a stone.
The stone barely misses you.
No target in range!
No target in range!
The goblin unwields a +0 hunting sling.
The goblin barely misses you.
Things that are here:
a +0 dagger; a bat corpse You punch the goblin!
You kill the goblin!
No target in view!
No target in view!
c - 121 stones (gained 18)
Things that are here:
a +0 hunting sling; a goblin corpse
Things that are here:
a +0 club; a hobgoblin corpse
p - a scroll labelled DOMETRYHAMN
Things that are here:
a +0 club; a hobgoblin corpse
Things that are here:
a +0 club; a hobgoblin corpse
There is a stone staircase leading down here.
Could not explore, unopened runed door.
As you open the door, it creaks loudly!
Crazy Yiuf shouts!
You closely miss Crazy Yiuf. You tail-slap Crazy Yiuf.
Crazy Yiuf is lightly wounded.
Crazy Yiuf hits you with a +2 quarterstaff of chaos.
You are electrocuted!!
* * * LOW HITPOINT WARNING * * *
You closely miss Crazy Yiuf.
Crazy Yiuf is lightly wounded.
Crazy Yiuf hits you with a +2 quarterstaff of chaos!
* * * LOW HITPOINT WARNING * * *
You are poisoned.
As you read the scroll labelled VUETOI COIMM, it crumbles to dust.
You feel aware of your surroundings.
It was a scroll of magic mapping.
You feel sick.
Crazy Yiuf hits you with a +2 quarterstaff of chaos.
* * * LOW HITPOINT WARNING * * *
You feel your power leaking away.
Really quaff
l - a potion of curing {@q1 !q}?
You feel better.
Crazy Yiuf hits you with a +2 quarterstaff of chaos!
You die...

...#
#.######....#
##.## ##...#
##..##
###.###.####
#....# #
##...##
##...# #
##### ##.## #
##.# #.## #
##.# # #@## #
*#g#* # *...*
# #...# #
#)..# # #####
# # #


You could see Crazy Yiuf.

Vanquished Creatures
  Natasha (thrice) (D:1)
  Robin (D:2)
  4 adders
  An ooze (D:1)
  A worm (D:1)
  A dart slug (D:1)
  2 leopard geckos
  A ball python (D:2)
  8 bats
  5 giant cockroaches
  14 goblins
  6 hobgoblins
  6 kobolds
  A frilled lizard (D:2)
  6 rats
60 creatures vanquished.

Notes
Turn   | Place    | Note
-------+----------+-------------------------------------------
     0 | D:1      | rednaxela the Palentonga Wanderer began the quest for the
                  | Orb.
     0 | D:1      | rednaxela set off with the following items: a +0
                  | quarterstaff, a +2 leather armour, a +0 hand crossbow, 26
                  | bolts
     0 | D:1      | Reached XP level 1. HP: 20/20 MP: 1/1
    50 | D:1      | Reached skill level 1 in Unarmed Combat
   254 | D:1      | Reached XP level 2. HP: 27/27 MP: 2/2
   377 | D:2      | Reached skill level 2 in Unarmed Combat
   604 | D:1      | Reached XP level 3. HP: 26/33 MP: 3/3
  1091 | D:2      | Reached skill level 3 in Unarmed Combat
  1489 | D:2      | Noticed Natasha
  1745 | D:2      | Found a broken altar of Ashenzari.
  1967 | D:1      | Killed Natasha
  1968 | D:1      | Reached XP level 4. HP: 34/40 MP: 4/4
  2368 | D:1      | Noticed Natasha
  2401 | D:1      | Killed Natasha
  2402 | D:1      | Reached skill level 4 in Unarmed Combat
  2555 | D:1      | Noticed Natasha
  2568 | D:1      | Killed Natasha
  3168 | D:2      | Reached XP level 5. HP: 46/48 MP: 5/5
  3310 | D:2      | Found a glowing golden altar of the Shining One.
  3349 | D:2      | Found a runed translucent door.
  3350 | D:2      | Noticed Crazy Yiuf
  3443 | D:2      | Identified the +1 helmet "Ekaosagra" {Str+4 Stlth+}
  3443 | D:2      | Noticed Robin
  3777 | D:1      | Reached skill level 5 in Unarmed Combat
  4021 | D:2      | Killed Robin
  4485 | D:2      | Slain by Crazy Yiuf

Illustrated notes

Levels and vault maps discovered:
D:1:      dpeg_arrival_rooms_b, layout_basic, corexii_corridor_pit
D:2:      layout_loops_cross, lemuel_doored_altar, tso_metal_star,
          minmay_misc_feat_secret_circle, minmay_misc_feat_enclosed,
          st_stairs_3, uniq_robin, uniq_natasha, uniq_crazy_yiuf_cottage

Skill      XL: |  1  2  3  4  5 |
---------------+----------------+-----
Unarmed Combat | 1 2 3 4 5 |  5.3
Fighting       | |  3.0
Polearms       | |  1.0
Crossbows      | |  1.0
Armour         | |  1.0
Dodging        | |  1.5
Shields        | |  1.0
Evocations     | |  1.0

Action                   |  1- 3 |  4- 6 || total
-------------------------+-------+-------++-------
Melee: Unarmed           |   129 |    79 ||   208
       Tailslap          |    12 |     8 ||    20
       Punch             |     1 |     2 ||     3
 Fire: Hand crossbow     |    25 |     9 ||    34
 Abil: Rolling Charge    |     1 |     8 ||     9
  Use: Potion            |     1 |     2 ||     3
       Scroll            |       |     1 ||     1
Armor: Leather armour    |    15 |       ||    15
       Ring mail         |    45 |    12 ||    57
       Skin              |       |     3 ||     3
Dodge: Dodged            |    51 |    37 ||    88

Table legend: (Time is in decaauts)
 A = Elapsed time spent in this place.
 B = Non-inter-level travel time spent in this place.
 C = Inter-level travel time spent in this place.
 D = Time resting spent in this place.
 E = Time spent auto-exploring this place.
 F = Levels seen in this place.
 G = Mean time per level.
                   A        B        C        D        E       F      G
               +--------+--------+--------+--------+--------+-----+--------+
         Total |   4519 |   4476 |     43 |   1363 |   2300 |   2 | 2259.5 |
       Dungeon |   4519 |   4476 |     43 |   1363 |   2300 |   2 | 2259.5 |
               +--------+--------+--------+--------+--------+-----+--------+

Top non-repeatable levels by time:
     D:1: 2912 daAuts
     D:2: 1607 daAuts
